 Dungeon Crawl Stone Soup version 0.17-a0-1850-g688e747 (webtiles) character file.

4004 Ijustatesigmund the Slicer (level 10, -2/60 HPs)
             Began as a Halfling Assassin on Sept 18, 2015.
             Was a Priest of Okawaru.
             Slain by an eight-headed hydra (12 damage)
             ... on level 8 of the Dungeon.
             The game lasted 00:26:53 (8686 turns).

Ijustatesigmund the Slicer (Halfling Assassin)      Turns: 8686, Time: 00:26:55

Health: -2/60      AC:  7    Str: 11    XL:     10   Next: 47%
Magic:  15/15      EV: 14    Int: 10    God:    Okawaru [***...]
Gold:   115        SH:  0    Dex: 20    Spells: 0 memorised, 9 levels left

rFire  . . .     SeeInvis .     J - +4 dagger (flame)
rCold  + . .     Clarity  .     F - +2 robe {rC+}
rNeg   . . .     SustAt   .     (shield restricted)
rPois  .         Gourm    .     (no helmet)
rElec  .         Spirit   .     d - +2 cloak
rCorr  .         Warding  .     (no gloves)
rMut   +         Stasis   .     (no boots)
MR     .....                    n - amulet of resist mutation
Stlth  +++++.....               (no ring)
                                m - ring of flight

@: lethally poisoned (-2 -> -6), drained, not resistant to hostile enchantments,
quite stealthy
A: mutation resistance 1
a: Heroism, Renounce Religion, Evoke Flight


You were on level 8 of the Dungeon.
You worshipped Okawaru.
Okawaru was most pleased with you.
You were not hungry.

You visited 2 branches of the dungeon, and saw 9 of its levels.
You also visited: Sewer.

You collected 255 gold pieces.
You spent 140 gold pieces at shops.

Inventory:

Hand weapons
 b - a +0 blowgun
 s - a +4 dagger
 z - a +0 hunting sling
 J - a +4 dagger of flaming (weapon)
Missiles
 e - 70 poisoned needles
 j - 10 tomahawks (quivered)
 A - 10 sling bullets
 P - 22 exploding sling bullets
 R - 2 curare-tipped needles
 S - 19 sling bullets of flame
Armour
 d - a +2 cloak (worn)
 F - a +2 robe of cold resistance (worn)
 L - a +1 shield
Jewellery
 m - a ring of flight (left hand)
 n - an amulet of resist mutation (around neck)
 Q - an uncursed ring of ice {unknown}
Magical devices
 w - a wand of polymorph (15)
 y - a wand of fire (5)
 B - a wand of frost (48)
 D - a wand of polymorph (11)
 G - a wand of fireball (12)
 K - a wand of lightning (5)
 O - a wand of polymorph (11)
 T - a wand of polymorph (11)
 U - a wand of draining (3)
Scrolls
 c - 3 scrolls of fog
 k - 2 scrolls of remove curse
 v - 4 scrolls of magic mapping
 H - 2 scrolls of amnesia
 N - a scroll of teleportation
 V - a scroll of enchant armour
Potions
 a - 2 potions of might
 f - a potion of experience {unknown}
 h - a potion of flight {unknown}
 i - 2 potions of heal wounds
 l - a potion of degeneration {unknown}
 p - 4 potions of lignification
 r - a potion of berserk rage
 t - 3 potions of haste
 x - 3 potions of curing
 C - 2 potions of brilliance
 I - 2 potions of agility
 M - 2 potions of cancellation
Books
 u - a book of Alchemy

   Spells                             Type                      Level
   a - Sublimation of Blood           Necromancy                   2
   b - Ignite Poison                  Fire/Transmutation/Poison    3
   c - Alistair's Intoxication        Transmutation/Poison         4
   d - Condensation Shield            Ice                          4
   e - Petrify                        Transmutation/Earth          4
   f - Irradiate                      Conjuration/Transmutation    5
Comestibles
 g - 2 bread rations
 o - 11 fruits
 q - 3 slices of pizza
 E - 2 meat rations


   Skills:
 - Level 1.7(1.6) Fighting
 + Level 11.3(11.0) Short Blades
 - Level 6.1(5.9) Throwing
 - Level 1.1(0.9) Dodging
 + Level 10.5(10.3) Stealth
 + Level 7.9(7.7) Invocations


You had 9 spell levels left.
You didn't know any spells.

Dungeon Overview and Level Annotations

Branches:
Dungeon (8/15)             Temple (1/1) D:4
   Lair: D:8-11

Altars:
Ashenzari
Gozag
Nemelex Xobeh
Okawaru
Ru
Trog
Vehumet
Xom
Yredelemnul
Zin
The Shining One

Shops:
D:6 (   D:7 [:!

Annotations:
D:7 4 runed doors


Innate Abilities, Weirdness & Mutations

You are small and have problems with some larger weapons.
You are somewhat resistant to further mutation.


Message History

A giant gecko comes into view.
You barely miss the worker ant.
The worker ant is almost dead.
The worker ant bites you.
You are poisoned.
The worker ant poisons you!
You hit the worker ant. You burn the worker ant.
You kill the worker ant!
Okawaru accepts your kill.
You feel sick.
The giant gecko moves out of view.
You hit the eight-headed hydra. You burn the eight-headed hydra.
The eight-headed hydra is lightly wounded.
You puncture the eight-headed hydra! You burn the eight-headed hydra.
The eight-headed hydra is moderately wounded.
You feel sick. The eight-headed hydra bites you!
The eight-headed hydra bites you. The eight-headed hydra bites you!
* * * LOW HITPOINT WARNING * * *
The eight-headed hydra barely misses you.
The eight-headed hydra bites you!
You die...

....####.##
#...###### ##
##.###...# ###
#..#.##...#
..#
###.#.#...#
#...##.##....#
..#.##.#....#
#.#..#..#....#
#..Z#..#....#
#@##...#.#
#D##...#.#
.###.....# ..
#.....# ##.
#...#.# ##
#...#.#
#...#.# .#...
#


You could see an eight-headed hydra and a quokka zombie.

Vanquished Creatures
  Pikel (D:5)
  Joseph (D:7)
  Grinder (D:6)
  A hippogriff (D:7)
  A hungry ghost (D:8)
  Edmund (D:5)
  2 centaurs (D:6)
  A black bear (D:8)
  A wasp (D:7)
  2 ice beasts
  A phantom (D:7)
  3 ogres
  4 big kobolds (Sewer)
  Blork the orc (D:4)
  4 giant frogs
  3 scorpions
  3 killer bees (D:7)
  4 wights (D:8)
  A crimson imp (D:8)
  An iguana (D:5)
  An orc priest (D:6)
  4 hounds
  3 jellies
  A quasit (D:8)
  A giant frog skeleton (D:4)
  3 worker ants
  2 orc wizards (D:5)
  2 hound skeletons
  A hound zombie (D:7)
  A worker ant zombie (D:6)
  7 adders
  3 gnolls (D:2)
  8 oozes
  An adder skeleton (D:5)
  8 worms
  7 giant geckos
  11 orcs
  8 giant cockroaches
  10 goblins
  6 hobgoblins
  4 jackals (D:2)
  3 quokkas
  8 ball pythons
  6 bats
  A giant gecko zombie (D:6)
  6 giant newts
  7 kobolds
  A quokka zombie (D:5)
  19 rats
  A bush (D:2)
  A toadstool (D:1)
182 creatures vanquished.

Vanquished Creatures (others)
  An ogre (D:5)
  3 toadstools (D:1)
4 creatures vanquished.

Grand Total: 186 creatures vanquished

Notes
Turn   | Place    | Note
--------------------------------------------------------------
     0 | D:1      | Ijustatesigmund the Halfling Assassin began the quest for the Orb.
     0 | D:1      | Reached XP level 1. HP: 14/14 MP: 1/1
   140 | D:1      | Reached XP level 2. HP: 17/19 MP: 2/2
   409 | D:1      | Reached XP level 3. HP: 12/24 MP: 3/3
   849 | D:2      | Found a glowing golden altar of the Shining One.
   973 | D:2      | Reached XP level 4. HP: 29/29 MP: 4/4
  1652 | D:2      | Reached XP level 5. HP: 29/34 MP: 5/5
  1859 | D:3      | Reached skill level 5 in Throwing
  2442 | D:3      | Reached skill level 5 in Short Blades
  2466 | D:3      | Noticed a moth of wrath
  2469 | D:3      | Found a bloodstained altar of Trog.
  2666 | D:4      | Found a staircase to the Ecumenical Temple.
  2674 | Temple   | Entered the Ecumenical Temple
  2729 | Temple   | Became a worshipper of Warmaster Okawaru
  2844 | D:4      | Reached skill level 5 in Stealth
  2904 | D:4      | Noticed Blork the orc
  2925 | D:4      | Killed Blork the orc
  2925 | D:4      | Reached XP level 6. HP: 28/39 MP: 6/6
  3065 | D:4      | Reached skill level 6 in Throwing
  3133 | D:4      | Acquired Okawaru's first power
  3218 | D:4      | Found a sparkling altar of Nemelex Xobeh.
  3608 | D:5      | Entered Level 5 of the Dungeon
  3638 | D:5      | Reached XP level 7. HP: 44/44 MP: 7/7
  3693 | D:5      | Reached skill level 1 in Invocations
  4272 | D:5      | Noticed a slave
  4272 | D:5      | Noticed a slave
  4273 | D:5      | Noticed Pikel
  4279 | D:5      | Noticed a slave
  4294 | D:5      | Killed Pikel
  4294 | D:5      | Reached skill level 7 in Short Blades
  4294 | D:5      | Reached XP level 8. HP: 12/49 MP: 8/10
  4354 | D:5      | Noticed a freed slave
  4671 | D:5      | Noticed Edmund
  4707 | D:5      | Killed Edmund
  4707 | D:5      | Reached skill level 8 in Short Blades
  4998 | D:5      | Found a radiant altar of Vehumet.
  5239 | D:6      | Noticed Grinder
  5255 | D:6      | Paralysed by Grinder for 2 turns
  5262 | D:6      | HP: 2/49 [Grinder/nerve-wracking pain (8)]
  5636 | D:6      | Found a glowing drain.
  5661 | Sewer    | Entered a sewer
  5782 | Sewer    | Reached skill level 5 in Invocations
  5782 | Sewer    | Reached XP level 9. HP: 47/54 MP: 12/12
  6037 | Sewer    | Reached skill level 9 in Short Blades
  6870 | D:6      | Found Malikum's Weapon Shoppe.
  7003 | D:6      | Killed Grinder
  7247 | D:7      | Reached skill level 10 in Short Blades
  7263 | D:7      | Found Miuhe's Distillery.
  7269 | D:7      | Bought a potion of haste for 140 gold pieces
  7280 | D:7      | Found Jiyneus's Book Shop.
  7292 | D:7      | Noticed Joseph
  7318 | D:7      | Killed Joseph
  7573 | D:7      | Found a shattered altar of Ashenzari.
  7577 | D:7      | Reached XP level 10. HP: 60/60 MP: 15/15
  7775 | D:7      | Found a huge runed gate.
  7776 | D:7      | Found a huge runed gate.
  7777 | D:7      | Found a huge runed gate.
  7777 | D:7      | Noticed a polar bear
  7778 | D:7      | Found a huge runed gate.
  7778 | D:7      | Noticed a griffon
  7778 | D:7      | Noticed a polar bear
  7778 | D:7      | Noticed a polar bear
  7778 | D:7      | Noticed a griffon
  7785 | D:7      | Noticed a polar bear
  7922 | D:7      | Reached skill level 10 in Stealth
  8182 | D:7      | Found Yghim's Armour Emporium.
  8348 | D:8      | Reached skill level 11 in Short Blades
  8678 | D:8      | Noticed an eight-headed hydra
  8686 | D:8      | Slain by an eight-headed hydra

Vault maps used:
D:1:      ldierk_water_garden
D:2:      nicolae_tso_carved_into_rock, serial_forest,
          infiniplex_forest_clump_diagonal, infiniplex_forest_clump_diagonal,
          infiniplex_forest_pool, infiniplex_forest_lined_room_3,
          infiniplex_forest_clump_cross, infiniplex_forest_lined_3,
          infiniplex_forest_zigzag_1
D:3:      first_bread, tgw_trog
D:4:      minmay_temple_entry_statues_pillars, nemelex_spade_bored_becter,
          uniq_blork_the_orc
D:5:      lemuel_coloured_pillars_altar, uniq_edmund, uniq_pikel
D:6:      portal_sewer_entry_f, serial_shops, shop, uniq_grinder
D:7:      lemuel_bear_cage, lemuel_doored_altar, serial_shops,
          nicolae_shop_competitors_out_of_business, shop, nicolae_shop_trees,
          uniq_joseph
D:8:      minmay_ornate_pinched, lemuel_blue_sif_altar, makhleb_grotto_becter,
          kennysheep_mini_moat
Temple:   circular_temple_6
Sewer:    sewer_co_tree

Action                   |  1- 3 |  4- 6 |  7- 9 | 10-12 || total
-------------------------+-------+-------+-------+-------++-------
Melee: Dagger            |    80 |   335 |   279 |   164 ||   858
 Fire: Blowgun           |     1 |    39 |   124 |       ||   164
Throw: Tomahawk          |       |     6 |       |       ||     6
  Use: Scroll            |     7 |     7 |     9 |     1 ||    24
       Potion            |       |       |     2 |     2 ||     4
 Stab: Sleeping          |     8 |    14 |    24 |     7 ||    53
       Distracted        |       |       |     2 |       ||     2
  Eat: Chunk             |       |     7 |     7 |     4 ||    18
       Meat ration       |       |       |     1 |       ||     1
       Fruit             |       |       |     1 |     1 ||     2
       Beef jerky        |       |       |     1 |       ||     1
       Bread ration      |       |       |       |     1 ||     1
